 Dungeon Crawl Stone Soup version 0.32-a0-427-g448f42529f (webtiles) character file.

Game seed: 945699672783108989

1040 Gargoyl the Chopper (level 8, -4/49 HPs)
             Began as a Gargoyle Berserker on Feb 22, 2024.
             Was a Priest of Trog.
             Killed by divine providence
             ... invoked by an orc priest
              (12 damage)
             ... on level 6 of the Dungeon.
             The game lasted 00:06:13 (3947 turns).

Gargoyl the Chopper (Gargoyle Berserker)            Turns: 3947, Time: 00:06:13

Health: -4/49      AC: 17    Str: 20    XL:     8   Next: 24%
Magic:  5/8        EV: 11    Int:  9    God:    Trog [***...]
Gold:   283        SH:  0    Dex: 11    Spells: 7/7 levels left

rFire   + . .        d - +6 war axe (pain)
rCold   . . .        (no shield)
rNeg    + . .        q - +0 ring mail
rPois   ∞            p - +1 helmet
rElec   +            h - +2 cloak
rCorr   .            (no gloves)
SInv    .            (no boots)
Will    +....        (no amulet)
Stlth   +            i - ring of willpower
HPRegen 0.28/turn    f - ring of protection from fire
MPRegen 0.11/turn

%: no passive effects
@: about to teleport, on berserk cooldown, attractive, slowed, very slow
A: sickness immunity, AC +5, negative energy resistance 1, electricity
resistance, torment resistance 1, petrification resistance
a: Renounce Religion, Berserk, Trog's Hand


You were on level 6 of the Dungeon.
You worshipped Trog.
Trog was most pleased with you.
You visited 1 branch of the dungeon, and saw 6 of its levels.

You collected 283 gold pieces.

Inventory:

Hand Weapons
 a - a +0 hand axe
 d - a +6 war axe of pain (weapon)
Missiles
 b - 6 poisoned darts (quivered)
Armour
 h - a +2 cloak (worn)
 p - a +1 helmet (worn)
 q - a +0 ring mail (worn)
Jewellery
 f - a ring of protection from fire (right hand)
 i - a ring of willpower (left hand)
Wands
 m - a wand of roots (7)
 o - a wand of charming (11)
Scrolls
 c - a scroll of teleportation
 g - 2 scrolls of fog
 n - 2 scrolls of identify
Potions
 e - a potion of ambrosia {unknown}
 j - 2 potions of resistance
 k - a potion of might
 l - 4 potions of enlightenment
 r - a potion of curing


   Skills:
 + Level 5.3 Fighting
 + Level 6.7 Axes
 + Level 4.5 Armour
 + Level 3.1 Dodging
 + Level 1.3 Stealth


You had 7 spell levels left.
You didn't know any spells.
Your spell library was empty.

Dungeon Overview and Level Annotations

Branches:
Dungeon (6/15)             Temple (0/1) D:5

Altars:
Dithmenos
The Shining One


Innate Abilities, Weirdness & Mutations

You are immune to sickness and miasma.
Your stone body is resilient. (AC +5)
You are immune to poison.
You resist negative energy. (rN+)
You are resistant to electric shocks. (rElec)
You are resistant to unholy torment.
You are immune to petrification.


Message History

Trog accepts your kill.
You hit the gnoll.
You kill the gnoll!
Trog accepts your kill.
The orc priest invokes the aid of Beogh against you.
Beogh smites you!
Unknown command.
You slash the orc!
You kill the orc!
Trog accepts your kill.
An orc wizard comes into view. It is wielding a +0 dagger.
Things that are here:
a +0 whip; a +0 spear; an orc corpse You feel a strong urge to attack something.
You are no longer berserk.
You are exhausted.
You feel yourself slow down.
The orc priest hits you with a +0 falchion.
An orc priest comes into view. It is wielding a +0 war axe.
You slash the orc priest!
You kill the orc priest!
Trog accepts your kill.
An orc comes into view. It is wielding a +0 hand axe.
The orc priest invokes the aid of Beogh against you.
Beogh smites you!
* * * LOW HITPOINT WARNING * * *
The orc wizard hits you with a +0 dagger.
* * * LOW HITPOINT WARNING * * *
It was a potion of attraction.
You feel attractive to monsters.
The orc wizard hits you but does no damage.
The orc priest closely misses you.
A scorpion comes into view.
As you read the scroll of teleportation, it crumbles to dust.
You feel strangely unstable.
The sentinel's mark upon you fades away.
The orc wizard closely misses you.
The orc priest mumbles some strange prayers to Beogh against you.
Beogh smites you!
You die...

.............#..##.#
.#.#...#†##..#..##.#
#............##.#
#...#....<...##.# #
#...#.##..#..##.#
#.#...#.##.........
#.......##.........
####s##.###.#..#...
#########.@oo............##
#>......#)#o#.#####.###.##
###...#..).)..............#
#.......#)##.##.##..#.....##
#.....).#.##.##............#
#.......#.##...####.##.#####
###...###.####.# #.#.##
#.......# #.# #...#
##.#########.####...#


You could see a scorpion, an orc priest, an orc wizard and an orc.

Vanquished Creatures
  A black bear (D:5)
  An ogre (D:5)
  2 phantoms
  A gnoll sergeant (D:6)
  A scorpion (D:6)
  4 hounds
  An orc priest (D:6)
  A sleepcap (D:5)
  A gnoll bouda (D:5)
  An iguana (D:5)
  11 gnolls
  6 adders
  3 ribbon worms
  4 dart slugs
  15 orcs
  6 ball pythons
  11 endoplasms
  4 giant cockroaches
  8 goblins
  10 hobgoblins
  2 jackals (D:2)
  5 kobolds
  2 quokkas
  3 bats
  4 frilled lizards (D:1)
  14 rats
122 creatures vanquished.

Notes
Turn   | Place    | Note
-------+----------+-------------------------------------------
     0 | D:1      | Gargoyl the Gargoyle Berserker began the quest for the Orb.
     0 | D:1      | Reached XP level 1. HP: 14/14 MP: 1/1
    47 | D:1      | Reached XP level 2. HP: 9/19 MP: 2/2
   210 | D:1      | Reached skill level 3 in Axes
   289 | D:1      | Reached XP level 3. HP: 24/24 MP: 3/3
   623 | D:1      | Reached XP level 4. HP: 20/29 MP: 4/4
   623 | D:1      | Reached ** piety under Trog
  1369 | D:2      | Reached XP level 5. HP: 31/33 MP: 5/5
  1449 | D:2      | Reached skill level 4 in Axes
  1859 | D:3      | Identified a scroll of acquirement
  1859 | D:3      | Acquired a +6 war axe of pain
  2009 | D:3      | Reached *** piety under Trog
  2349 | D:3      | Reached XP level 6. HP: 39/39 MP: 6/6
  2723 | D:4      | Found a shadowy altar of Dithmenos.
  2765 | D:4      | Reached skill level 5 in Axes
  2800 | D:4      | Reached skill level 1 in Stealth
  3150 | D:5      | Entered Level 5 of the Dungeon
  3158 | D:5      | Reached XP level 7. HP: 44/44 MP: 7/7
  3209 | D:5      | Found a staircase to the Ecumenical Temple.
  3400 | D:5      | Reached skill level 5 in Fighting
  3496 | D:5      | Reached skill level 6 in Axes
  3752 | D:6      | Found a glowing golden altar of the Shining One.
  3766 | D:6      | Reached XP level 8. HP: 49/49 MP: 8/8
  3947 | D:6      | Killed from afar by an orc priest

Illustrated notes

Levels and vault maps discovered:
D:1:      noname_arrival_rooms_in_the_neighbourhood, layout_basic
D:2:      layout_basic, minmay_nonomino_d4
D:3:      minmay_inner_zag, layout_loops_ring, chequers_mini_garden,
          minmay_unequal
D:4:      layout_loops_ring, grunt_dithmenos_smoke_and_mirrors
D:5:      layout_rooms, minmay_temple_entry_waves
D:6:      layout_loops_cross, lemuel_doored_altar, mainiacjoe_overflow_paths,
          kennysheep_mini, minmay_joined_circles

Skill      XL: |  1  2  3  4  5  6  7 |
---------------+----------------------+-----
Axes           | 3 4 5 6 |  6.7
Fighting       | 4 5 |  5.3
Dodging        | 2 3 |  3.1
Armour         | 3 4 |  4.5
Stealth        | 1 |  1.3

Action                     |  1- 3 |  4- 6 |  7- 9 || total
---------------------------+-------+-------+-------++-------
  Melee: Hand axe          |    63 |   140 |       ||   203
         War axe           |       |    80 |    71 ||   151
 Invoke: Berserk           |     1 |     3 |     2 ||     6
         Trog's Hand       |       |     2 |       ||     2
    Use: Scroll            |       |    13 |     3 ||    16
         Potion            |       |       |     1 ||     1
   Stab: Sleeping          |       |     2 |       ||     2
 Armour: Animal skin       |    48 |    64 |       ||   112
         Ring mail         |       |    57 |    68 ||   125
  Dodge: Dodged            |    49 |   152 |    64 ||   265

Table legend: (Time is in decaauts)
 A = Elapsed time spent in this place.
 B = Non-inter-level travel time spent in this place.
 C = Inter-level travel time spent in this place.
 D = Time resting spent in this place.
 E = Time spent auto-exploring this place.
 F = Levels seen in this place.
 G = Mean time per level.
                   A        B        C        D        E       F      G
               +--------+--------+--------+--------+--------+-----+--------+
         Total |   4051 |   3859 |    192 |     62 |   2526 |   6 |  675.2 |
       Dungeon |   4051 |   3859 |    192 |     62 |   2526 |   6 |  675.2 |
               +--------+--------+--------+--------+--------+-----+--------+

Top non-repeatable levels by time:
     D:1: 1135 daAuts
     D:3: 738 daAuts
     D:4: 678 daAuts
     D:2: 671 daAuts
     D:5: 603 daAuts
     D:6: 224 daAuts
